 Dungeon Crawl Stone Soup version 0.17-a0-1719-g1afd5a1 (webtiles) character file.

18099 shakdrar the Unseen (level 12, -25/87 HPs)
             Began as a Vampire Assassin on Aug 28, 2015.
             Was a High Priest of Dithmenos.
             Annihilated by a death yak simulacrum (34 damage)
             ... in an ice cave.
             The game lasted 01:12:47 (17767 turns).

shakdrar the Unseen (Vampire Assassin)             Turns: 17767, Time: 01:12:48

Health: -25/87     AC: 11    Str: 10    XL:     12   Next: 24%
Magic:  12/12      EV: 27    Int: 14    God:    Dithmenos [*****.]
Gold:   574        SH:  0    Dex: 20    Spells: 0 memorised, 11 levels left

rFire  . . .     SeeInvis +     y - +1 rapier (venom)
rCold  . . .     Clarity  +     c - +0 robe
rNeg   + + .     SustAt   .     (no shield)
rPois  .         Gourm    .     F - +2 hat
rElec  .         Spirit   .     d - +0 cloak
rCorr  .         Warding  .     j - +2 pair of gloves
rMut   .         Stasis   .     m - +2 pair of boots
MR     +....                    k - amulet of clarity
Stlth  ++++++++++               h - ring of positive energy
                                p - +3 ring of evasion

@: wreathed by umbra, somewhat resistant to hostile enchantments, uncannily
stealthy
A: fangs 3, see invisible, unbreathing
a: Bat Form, Shadow Step, Shadow Form, Renounce Religion


You were in an ice cave.
You worshipped Dithmenos.
Dithmenos was extremely pleased with you.
You were not thirsty.

You visited 3 branches of the dungeon, and saw 14 of its levels.
You also visited: Ice Cave.

You collected 574 gold pieces.

Inventory:

Hand weapons
 a - a +3 dagger of freezing
 b - a +0 blowgun
 y - a +1 rapier of venom (weapon)
 C - a +2 dagger of pain
Missiles
 e - 14 poisoned needles
 f - 2 curare-tipped needles
 n - 5 tomahawks of returning (quivered)
 A - 5 exploding tomahawks
Armour
 c - a +0 robe (worn)
 d - a +0 cloak (worn)
 j - a +2 pair of gloves (worn)
 m - a +2 pair of boots (worn)
 F - a +2 hat (worn)
Jewellery
 h - a ring of positive energy (right hand)
 k - an amulet of clarity (around neck)
 p - a +3 ring of evasion (left hand)
 v - a cursed +2 ring of strength {unknown}
 z - an uncursed ring of flight
Magical devices
 s - a wand of slowing (28)
 u - a wand of frost (4)
 w - a wand of paralysis (3)
Scrolls
 g - a scroll of fog
 l - 3 scrolls of amnesia
 t - a scroll of remove curse
 E - 2 scrolls of magic mapping
Potions
 i - a potion of curing
 r - 2 potions of might
 B - a potion of haste {unknown}
Books
 o - a book of Necromancy

   Spells                             Type                      Level
   a - Pain                           Necromancy                   1
   b - Animate Skeleton               Necromancy                   1
   c - Vampiric Draining              Necromancy                   3
   d - Regeneration                   Charms/Necromancy            3
   e - Animate Dead                   Necromancy                   4
   f - Control Undead                 Necromancy                   4
 q - a book of Beasts

   Spells                             Type                      Level
   a - Summon Butterflies             Summoning                    1
   b - Call Canine Familiar           Summoning                    3
   c - Summon Ice Beast               Ice/Summoning                4
   d - Summon Mana Viper              Hexes/Summoning              5
   e - Summon Hydra                   Summoning                    7
 x - a Fen Folio

   Spells                             Type                      Level
   a - Corpse Rot                     Necromancy                   2
   b - Stone Arrow                    Conjuration/Earth            3
   c - Leda's Liquefaction            Hexes/Earth                  4
   d - Summon Forest                  Summoning/Translocation      5
   e - Hydra Form                     Transmutation                6
   f - Summon Hydra                   Summoning                    7


   Skills:
 + Level 5.8 Fighting
 + Level 8.1 Short Blades
 * Level 7.3 Throwing
 + Level 13.3 Dodging
 + Level 15.6 Stealth


You had 11 spell levels left.
You didn't know any spells.

Dungeon Overview and Level Annotations

Branches:
Dungeon (11/15)            Temple (1/1) D:4            Lair (2/8) D:11
    Orc (0/4) D:11

Altars:
Ashenzari
Cheibriados
Dithmenos
Elyvilon
Fedhas
Gozag
Kikubaaqudgha
Makhleb
Nemelex Xobeh
Okawaru
Qazlal
Ru
Sif Muna
Trog
Vehumet
Xom
Yredelemnul
Zin
The Shining One
Beogh

Annotations:
D:3 Uberwunderbarhen's ghost, average OpFi
D:4 shakdrar's ghost, average DrMo
D:5 Duvessa


Innate Abilities, Weirdness & Mutations

You have razor-sharp teeth.
You have supernaturally acute eyesight.
You can survive without breathing.


Message History

4 simulacra come into view.
Found an ice covered gate leading back out of this place.
There is an ice choked empty arch of ancient stone here.
The wolf spider simulacrum misses you.
The wolf spider simulacrum bites you but does no damage.
You hit the wolf spider simulacrum.
Your shadow hits the wolf spider simulacrum with a rapier.
The wolf spider simulacrum completely misses you.
The wolf spider simulacrum misses you. The wolf simulacrum misses you.
The death yak simulacrum gores you!! The death yak simulacrum freezes you!!
Read which item? (? for menu, Esc to quit)
Okay, then.
The wolf spider simulacrum barely misses you.
The wolf spider simulacrum completely misses you.
The wolf simulacrum completely misses you.
The wolf spider simulacrum completely misses you. x2
The death yak simulacrum gores you!!
* * * LOW HITPOINT WARNING * * *
The death yak simulacrum freezes you!!
You die...

#### ###
##..##
##..##....##
##.Z........#
#....ZZ.∩.∩.#
....##Z.@....#
# ###....##
##..## ####


You could see a wolf simulacrum, 2 death yak simulacra and a wolf spider
simulacrum.

Vanquished Creatures
  Gastronok (D:8)
  Erolcha (D:8)
  4 hill giants
  Pikel (D:6)
  An ugly thing (D:11)
  A centaur zombie (D:10)
  3 spiny frogs (Lair:1)
  2 komodo dragons (Lair:1)
  A fire drake (Lair:1)
  A troll (D:9)
  A two-headed ogre (D:10)
  10 yaks
  A wyvern (D:9)
  2 deep elf magi
  Grum (D:9)
  3 hippogriffs
  A basilisk (D:7)
  3 vampire mosquitoes (D:10)
  6 wolves
  A soldier ant (D:8)
  Edmund (D:6)
  2 water moccasins
  3 porcupines
  A phantom (D:8)
  An ice beast (D:7)
  6 spiders (D:10)
  4 sky beasts
  A black bear (D:6)
  9 orc warriors
  2 wasps (D:8)
  3 centaurs
  9 ogres
  A necrophage (D:9)
  A gnoll sergeant (D:7)
  Blork the orc (D:5)
  2 crocodiles (Lair:1)
  7 giant frogs
  A big kobold (D:10)
  5 scorpions
  2 wyvern skeletons
  Dowan (D:5)
  8 killer bees
  2 electric eels (D:7)
  2 crimson imps
  5 orc priests
  A giant frog zombie (D:5)
  A jelly (D:9)
  4 centaur skeletons
  3 giant frog skeletons
  5 hounds
  3 iguanas
  7 orc wizards
  4 worker ants
  A hound zombie (D:6)
  2 hound skeletons (D:5)
  2 worker ant zombies
  13 adders
  6 gnolls
  4 shadow imps
  6 river rats (Lair:2)
  12 white imps (Lair:2)
  4 oozes
  2 adder skeletons
  An adder zombie (D:10)
  4 worms
  10 giant geckos
  43 orcs
  9 giant cockroaches
  9 goblins
  10 hobgoblins
  3 quokkas
  3 ball pythons
  5 bats
  8 giant newts
  A jackal zombie (D:6)
  10 kobolds
  4 rats
325 creatures vanquished.

Vanquished Creatures (others)
  An orc wizard (D:9)
  2 fungi
3 creatures vanquished.

Grand Total: 328 creatures vanquished

Notes
Turn   | Place    | Note
--------------------------------------------------------------
     0 | D:1      | shakdrar the Vampire Assassin began the quest for the Orb.
     0 | D:1      | Reached XP level 1. HP: 16/16 MP: 1/1
   193 | D:1      | Reached skill level 6 in Stealth
   249 | D:1      | Reached XP level 2. HP: 15/22 MP: 2/2
   943 | D:1      | Reached XP level 3. HP: 27/27 MP: 3/3
  1341 | D:2      | Reached skill level 7 in Stealth
  1986 | D:3      | Reached XP level 4. HP: 19/33 MP: 4/4
  2269 | D:3      | Noticed Uberwunderbarhen's ghost (average OpFi)
  3068 | D:4      | Found a staircase to the Ecumenical Temple.
  3100 | Temple   | Entered the Ecumenical Temple
  3153 | Temple   | Became a worshipper of Dithmenos the Shadowed
  3214 | D:4      | Reached skill level 8 in Stealth
  3214 | D:4      | Reached XP level 5. HP: 37/39 MP: 5/5
  3544 | D:4      | Noticed shakdrar's ghost (average DrMo)
  4001 | D:5      | Entered Level 5 of the Dungeon
  4005 | D:5      | Reached XP level 6. HP: 46/46 MP: 6/6
  4010 | D:5      | Noticed an ogre
  4311 | D:4      | Found an ancient bone altar of Kikubaaqudgha.
  4311 | D:4      | Found an iron altar of Okawaru.
  4313 | D:4      | Found a deep blue altar of Sif Muna.
  4313 | D:4      | Found an opulent altar of Gozag.
  4803 | D:5      | Reached skill level 9 in Stealth
  5040 | D:5      | Noticed a sky beast
  5155 | D:5      | Killed an ogre
  5155 | D:5      | Reached skill level 5 in Dodging
  5155 | D:5      | Reached XP level 7. HP: 41/51 MP: 7/7
  5171 | D:5      | Noticed Dowan
  5180 | D:5      | Killed a sky beast
  5200 | D:5      | Killed Dowan
  5201 | D:5      | Noticed Duvessa
  5409 | D:5      | Noticed an ogre
  5415 | D:5      | Killed an ogre
  5581 | D:5      | Reached skill level 10 in Stealth
  5706 | D:5      | Noticed Blork the orc
  5713 | D:5      | Killed Blork the orc
  5842 | D:6      | Reached XP level 8. HP: 58/58 MP: 8/8
  5885 | D:6      | Noticed Edmund
  5889 | D:6      | Killed Edmund
  6080 | D:6      | Reached skill level 11 in Stealth
  6455 | D:6      | Noticed Pikel
  6457 | D:6      | Killed Pikel
  6457 | D:6      | Reached skill level 12 in Stealth
  6457 | D:6      | Reached XP level 9. HP: 65/65 MP: 9/9
  6461 | D:6      | Found a white marble altar of Elyvilon.
  7694 | D:7      | Reached skill level 5 in Short Blades
  7932 | D:7      | HP: 2/65 [giant frog (7)]
  8314 | D:8      | You fall through a shaft for 2 floors!
  8314 | D:10     | Entered Level 10 of the Dungeon
  8482 | D:10     | Acquired Dithmenos's first power
  8505 | D:10     | Reached skill level 13 in Stealth
  8805 | D:10     | Noticed a hill giant
  9040 | D:9      | Reached XP level 10. HP: 61/71 MP: 10/10
  9046 | D:9      | Got a twisted robe
  9119 | D:9      | Found a deep blue altar of Sif Muna.
  9328 | D:9      | Reached skill level 10 in Dodging
  9476 | D:9      | Identified the +1 robe of Ethics {Regen+ rCorr MP-9 Stlth-} (You found it on level 9 of the Dungeon)
  9609 | D:8      | Noticed Erolcha
  9617 | D:8      | Killed Erolcha
  9617 | D:8      | Reached skill level 5 in Throwing
 10140 | D:8      | Noticed Gastronok
 10197 | D:8      | Killed Gastronok
 10197 | D:8      | Acquired Dithmenos's second power
 10197 | D:8      | Reached skill level 14 in Stealth
 10768 | D:8      | Found a burning altar of Makhleb.
 10769 | D:8      | Found a shimmering altar of Xom.
 11143 | D:7      | Reached XP level 11. HP: 78/78 MP: 11/11
 11275 | D:9      | Noticed Grum
 11308 | D:9      | Killed Grum
 12343 | D:10     | Killed a hill giant
 12665 | D:10     | Noticed a centaur zombie
 12687 | D:10     | Killed a centaur zombie
 12704 | D:10     | Reached skill level 5 in Fighting
 12717 | D:10     | Reached skill level 15 in Stealth
 13141 | D:10     | Acquired Dithmenos's third power
 13340 | D:11     | Noticed a hill giant
 13356 | D:11     | Killed a hill giant
 13544 | D:11     | Found a sparkling altar of Nemelex Xobeh.
 13617 | D:11     | Noticed a hill giant
 13628 | D:11     | Killed a hill giant
 14545 | D:11     | Found a roughly hewn altar of Beogh.
 14545 | D:11     | Found a staircase to the Orcish Mines.
 15057 | D:11     | Noticed a hill giant
 15089 | D:11     | Killed a hill giant
 15625 | D:11     | Found a staircase to the Lair.
 15940 | Lair:1   | Entered Level 1 of the Lair of Beasts
 15996 | Lair:1   | Reached XP level 12. HP: 41/86 MP: 12/12
 17040 | Lair:1   | Acquired Dithmenos's fourth power
 17563 | Lair:2   | Found a frozen archway.
 17761 | IceCv    | Entered an ice cave
 17767 | IceCv    | Annihilated by a death yak simulacrum

Vault maps used:
D:1:      kilobyte_arrival_exit_the_forest, minmay_misc_feat_four_crosses
D:2:      first_bread
D:4:      grunt_temple_overflow_cloverleaf, minmay_temple_entry_statues,
          kennysheep_generic_room_3
D:5:      uniq_duvessa, uniq_blork_the_orc
D:6:      overflow_temple_1_default, interstate_on_off, uniq_edmund, uniq_pikel
D:7:      kennysheep_big_flooded_room, kennysheep_pointless_box
D:8:      grunt_temple_overflow_champion_of_chaos, hangedman_pestilent_swarm,
          grunt_ministairs_3, uniq_erolcha, uniq_gastronok
D:9:      kennysheep_orc_sif_temple, uniq_grum
D:10:     spider_trap, kennysheep_another_room
D:11:     lair_0_dummy, david_orc_5, nemelex_xobeh_ov_fountains_minmay
Temple:   circular_temple_12
Lair:1:   st_stairs_6
Lair:2:   portal_ice_cave_entry_imps, grunt_megastairs_3
IceCv:    ice_cave_small_necro

Action                   |  1- 3 |  4- 6 |  7- 9 | 10-12 || total
-------------------------+-------+-------+-------+-------++-------
Melee: Dagger            |   120 |   324 |   366 |   378 ||  1188
       Rapier            |       |       |       |   564 ||   564
 Fire: Blowgun           |       |       |       |     2 ||     2
Throw: Tomahawk          |       |       |     8 |    14 ||    22
  Use: Scroll            |     4 |     3 |     9 |    10 ||    26
       Potion            |     4 |     1 |     3 |     6 ||    14
 Stab: Sleeping          |    17 |    11 |    24 |    41 ||    93
       Distracted        |       |     1 |     1 |     5 ||     7
  Eat: Corpse            |     6 |     7 |    14 |    16 ||    43
